 Dungeon Crawl Stone Soup version 0.22-a0-284-g99d1f74 (webtiles) character file.

112 medis the Cutter (level 5, -4/35 HPs)
             Began as a Halfling Skald on Mar 22, 2018.
             Slain by braks's ghost (10 damage)
             ... on level 3 of the Dungeon.
             The game lasted 00:04:33 (3026 turns).

medis the Cutter (Halfling Skald)                   Turns: 3026, Time: 00:04:34

Health: -4/35      AC:  4    Str: 12    XL:     5   Next: 16%
Magic:  4/8        EV: 14    Int: 11    God:
Gold:   114        SH:  0    Dex: 15    Spells: 5/8 levels left

rFire    . . .     SeeInvis .   a - +2 dagger (freeze)
rCold    + . .     Gourm    .   (shield restricted)
rNeg     . . .     Faith    .   b - +0 leather armour
rPois    .         Spirit   .   q - -1 helmet (curse)
rElec    .         Reflect  .   (no cloak)
rCorr    .         Harm     .   (no gloves)
MR       .....                  e - +0 pair of boots
Stlth    ++........             (no amulet)
HPRegen  0.11/turn              l - ring of protection from cold
MPRegen  0.11/turn              (no ring)

@: infused
A: small, mutation resistance 1
a: no special abilities


You were on level 3 of the Dungeon.
You were hungry.

You visited 1 branch of the dungeon, and saw 3 of its levels.

You collected 114 gold pieces.

Inventory:

Hand Weapons
 a - a +2 dagger of freezing (weapon)
 p - a +0 short sword
Missiles
 r - 13 poisoned needles
Armour
 b - a +0 leather armour (worn)
 e - a +0 pair of boots (worn)
 q - a cursed -1 helmet (worn)
Jewellery
 l - a ring of protection from cold (left hand)
Wands
 n - a wand of flame (21)
Scrolls
 c - a scroll of enchant armour {unknown}
 g - 2 scrolls of identify {unknown}
 i - a scroll of amnesia {unknown}
 m - a scroll of magic mapping {unknown}
 o - a scroll of immolation {unknown}
Potions
 f - a potion of invisibility
 h - 2 potions of lignification {unknown}
 j - a potion of ambrosia {unknown}
 k - a potion of heal wounds {unknown}
Comestibles
 d - 3 rations


   Skills:
 + Level 2.3 Fighting
 * Level 4.0 Short Blades
 - Level 1.1 Armour
 - Level 2.1 Dodging
 + Level 2.2 Stealth
 + Level 2.0 Spellcasting
 + Level 3.7 Charms


You had 5 spell levels left.
You knew the following spells:

 Your Spells              Type           Power        Failure   Level  Hunger
a - Infusion              Chrm           #...         8%          1    ##.....
b - Shroud of Golubria    Chrm/Tloc      #.........   26%         2    ###....


Dungeon Overview and Level Annotations

Branches:
Dungeon (3/15)

Altars:
Makhleb
The Shining One

Annotations:
D:3 2 exclusions, braks's ghost, amateur NaFi


Innate Abilities, Weirdness & Mutations

You are small and have problems with some larger weapons.
You are somewhat resistant to further mutation.


Message History

Confirm with . or Enter, or press ? or * to list all spells.
You begin infusing your attacks with magical energy.
Braks's ghost barely misses you.
You hit braks's ghost. You freeze braks's ghost.
Braks's ghost is lightly damaged.
Braks's ghost hits you!
You hit braks's ghost but do no damage.
Braks's ghost is lightly damaged.
You hit braks's ghost. You freeze braks's ghost.
Braks's ghost is lightly damaged.
Braks's ghost hits you!
* * * LOW HITPOINT WARNING * * *
You barely miss braks's ghost.
Braks's ghost is lightly damaged.
Braks's ghost hits you.
* * * LOW HITPOINT WARNING * * *
Your shroud falls apart!
There is a stone staircase leading up, spattered with blood here.
Braks's ghost hits you!
You die...

#. .........########
#.#.##. ..#.#..###
#.#.#.###.#......#
#.#....#.........#
##...#.....#......#
#.>.###...###.....#
###....#.....#......#
#.......(......#..###
#.....#.#@.##.....#
.#.#...)W.#)..#..#
....!..#.....#....########
#.#...###...###...........
.......#.....#..#.########
###.##...#.....##.# #.
#####.######.. . ...# ####
# #####


You could see braks's ghost.

Vanquished Creatures
  Robin (D:2)
  3 adders
  2 oozes (D:2)
  A worm (D:2)
  An orc (D:3)
  7 giant cockroaches
  5 hobgoblins (D:2)
  7 kobolds
  4 quokkas
  A ball python (D:2)
  5 bats
  A frilled lizard (D:2)
  18 goblins
  3 rats
59 creatures vanquished.

Notes
Turn   | Place    | Note
-------+----------+-------------------------------------------
     0 | D:1      | medis the Halfling Skald began the quest for the Orb.
     0 | D:1      | Reached XP level 1. HP: 14/14 MP: 3/3
   507 | D:1      | Reached XP level 2. HP: 17/19 MP: 4/4
   855 | D:2      | Reached skill level 3 in Short Blades
   862 | D:2      | Reached skill level 1 in Stealth
   881 | D:2      | Reached XP level 3. HP: 14/24 MP: 5/5
  1205 | D:1      | Learned a level 2 spell: Shroud of Golubria
  1691 | D:2      | Reached XP level 4. HP: 21/29 MP: 3/6
  1733 | D:2      | Found a burning altar of Makhleb.
  1823 | D:2      | Found a glowing golden altar of the Shining One.
  1954 | D:3      | Noticed braks's ghost (amateur NaFi)
  2355 | D:3      | Noticed Robin
  2714 | D:2      | Killed Robin
  2775 | D:2      | Reached XP level 5. HP: 26/34 MP: 7/7
  3011 | D:3      | Reached skill level 4 in Short Blades
  3026 | D:3      | Slain by braks's ghost

Vault maps used:
D:1:      dpeg_arrival_leaves_temple_mockup
D:2:      lightli_temple_of_fire, tso_altar
D:3:      first_ration, hangedman_feature_mirror, minmay_strange_pillars,
          minmay_close_crescents, uniq_robin

Skill      XL: |  1  2  3  4  5 |
---------------+----------------+-----
Short Blades   | 3 4 |  4.0
Stealth        | 1 2 |  2.2
Fighting       | 2 |  2.3
Spellcasting   | 2 |  2.0
Armour         | |  1.1
Dodging        | |  2.1
Charms         | |  3.7

Action                   |  1- 3 |  4- 6 || total
-------------------------+-------+-------++-------
Melee: Short sword       |   128 |    68 ||   196
       Dagger            |       |    42 ||    42
 Cast: Shroud of Golubri |     2 |     6 ||     8
       Infusion          |     2 |     3 ||     5
  Eat: Chunk             |     3 |     4 ||     7
Armor: Leather armour    |    36 |    46 ||    82
Dodge: Dodged            |    95 |   147 ||   242

Table legend:
 A = Spawn XP
 B = Non-spawn XP
 C = Spawn XP percentage of total XP
 D = Spawn monster count
 E = Non-spawn monster count
 F = Spawn count percentage of total count
 G = Total turns spent on level
                    A         B        C        D         E        F      G
               +---------+---------+-------+---------+---------+-------+---------
         Total |       0 |     160 |   0.0 |       0 |      59 |   0.0 |  3026
               +---------+---------+-------+---------+---------+-------+---------
           D:1 |       0 |      15 |   0.0 |       0 |      10 |   0.0 |  1000
           D:2 |       0 |     113 |   0.0 |       0 |      37 |   0.0 |  1566
           D:3 |       0 |      32 |   0.0 |       0 |      12 |   0.0 |   460
               +---------+---------+-------+---------+---------+-------+---------
